 Dungeon Crawl Stone Soup version 0.21.1-1-g345015f (webtiles) character file.

259 Monsterracer the Charmwright (level 6, -8/50 HPs)
             Began as a Gnoll Skald on Feb 12, 2018.
             Killed from afar by an orc wizard (12 damage)
             ... with a puff of flame
             ... on level 3 of the Dungeon.
             The game lasted 00:03:50 (2719 turns).

Monsterracer the Charmwright (Gnoll Skald)          Turns: 2719, Time: 00:03:51

Health: -8/50      AC:  7    Str: 13    XL:     6   Next: 17%
Magic:  8/13       EV: 13    Int: 17    God:
Gold:   160        SH:  0    Dex: 15    Spells: 6/15 levels left

rFire    . . .     SeeInvis .   a - +0 mace
rCold    . . .     Gourm    .   (no shield)
rNeg     . . .     Faith    .   s - +0 ring mail
rPois    .         Spirit   .   m - +0 helmet
rElec    .         Reflect  .   (no cloak)
rCorr    .         Harm     .   n - +0 pair of gloves
MR       .....                  (no boots)
Stlth    +.........             (no amulet)
HPRegen  0.16/turn              (no ring)
MPRegen  0.13/turn              (no ring)

@: infused (expiring)
A: distributed training, fangs 1, strong nose
a: no special abilities


You were on level 3 of the Dungeon.
You were not hungry.

You visited 1 branch of the dungeon, and saw 3 of its levels.

You collected 160 gold pieces.

Inventory:

Hand Weapons
 a - a +0 mace (weapon)
Armour
 m - a +0 helmet (worn)
 n - a +0 pair of gloves (worn)
 s - a +0 ring mail (worn)
Scrolls
 e - 2 scrolls of remove curse
 f - a scroll of immolation {unknown}
 h - a scroll of identify {unknown}
 i - a scroll of enchant weapon {unknown}
 k - 2 scrolls of enchant armour {unknown}
 l - 3 scrolls of amnesia
 p - a scroll of teleportation {unknown}
Potions
 d - 2 potions of magic {unknown}
 g - a potion of berserk rage {unknown}
 j - 2 potions of haste {unknown}
 o - a potion of ambrosia {unknown}
 q - a potion of brilliance {unknown}
Comestibles
 c - 4 rations


   Skills:
 + Level 4.9 Fighting
 + Level 1.8 Short Blades
 + Level 1.8 Long Blades
 + Level 1.8 Axes
 + Level 4.9 Maces & Flails
 + Level 1.8 Polearms
 + Level 1.8 Staves
 + Level 1.8 Slings
 + Level 1.8 Bows
 + Level 1.8 Crossbows
 + Level 1.8 Throwing
 + Level 3.1 Armour
 + Level 4.9 Dodging
 + Level 1.8 Stealth
 + Level 1.8 Shields
 + Level 1.8 Unarmed Combat
 + Level 5.3 Spellcasting
 + Level 1.4 Conjurations
 + Level 1.4 Hexes
 + Level 5.6 Charms
 + Level 1.4 Summonings
 + Level 1.4 Necromancy
 + Level 1.4 Translocations
 + Level 1.4 Transmutations
 + Level 1.4 Fire Magic
 + Level 1.4 Ice Magic
 + Level 1.4 Air Magic
 + Level 1.4 Earth Magic
 + Level 1.4 Poison Magic
 + Level 2.0 Invocations
 + Level 1.8 Evocations


You had 6 spell levels left.
You knew the following spells:

 Your Spells              Type           Power        Failure   Level  Hunger
a - Infusion              Chrm           ###.         2%          1    None
b - Song of Slaying       Chrm           ###.....     4%          2    #......
d - Spectral Weapon       Hex/Chrm       ###.....     21%         3    ##.....
j - Regeneration          Chrm/Necr      ###.......   21%         3    ##.....


Dungeon Overview and Level Annotations

Branches:
Dungeon (3/15)

Altars:
Nemelex Xobeh


Innate Abilities, Weirdness & Mutations

Your experience applies equally to all skills.
You have very sharp teeth.
Your uncanny sense of smell can sniff out nearby items.


Message History

The magic dart hits you! The goblin hits you.
The orc wizard closely misses you.
You take 4 damage, and have 31/50 hp.
You barely miss the orc wizard.
The orc wizard is lightly wounded.
The orc wizard looks satisfied for a moment.
The goblin closely misses you.
A kobold comes into view. It is wielding a whip.
You barely miss the orc wizard.
The kobold shouts!
Your bite misses the orc wizard.
The orc wizard is lightly wounded.
The orc wizard hits you but does no damage.
The goblin hits you but does no damage. The orc wizard closely misses you.
You hit the orc wizard but do no damage.
The orc wizard is lightly wounded.
The orc wizard hits you but does no damage.
The goblin completely misses you. The orc wizard closely misses you.
You hit the orc wizard!
The orc wizard is heavily wounded.
The orc wizard misses you.
The goblin hits you but does no damage. x2
The orc wizard hits you but does no damage.
You now have 7/13 mp.
You barely miss the orc wizard.
The orc wizard is heavily wounded.
The orc wizard gestures at you while chanting.
The magic dart hits you! The goblin closely misses you.
You take 2 damage, and have 30/50 hp.
You hit the orc wizard but do no damage.
The orc wizard is heavily wounded.
The orc wizard casts a spell at you. The puff of frost hits you!
The orc wizard hits you with a dagger of protection.
* * * LOW HITPOINT WARNING * * *
The goblin hits you but does no damage.
You take 5 damage, and have 25/50 hp.
You closely miss the orc wizard.
The orc wizard is heavily wounded.
The orc wizard hits you but does no damage.
The goblin hits you but does no damage. The orc wizard casts a spell at you.
The puff of frost hits you!
* * * LOW HITPOINT WARNING * * *
You take 1 damage, and have 24/50 hp.
You hit the orc wizard.
The orc wizard is almost dead.
The orc wizard hits you but does no damage.
The goblin hits you but does no damage.
The orc wizard hits you with a dagger of protection.
* * * LOW HITPOINT WARNING * * *
You take 3 damage, and have 21/50 hp.
You now have 7/13 mp.
Your ring mail prevents you from hitting the orc wizard.
The orc wizard is almost dead.
The goblin closely misses you.
The orc wizard gestures wildly while chanting.
The orc wizard flickers and vanishes!
Deactivating autopickup; reactivate with Ctrl-A.
You barely miss something. Something hits you but does no damage.
The goblin closely misses you. Something barely misses you.
The goblin hits you but does no damage.
Unknown command.
You miss something.
You hear some strange, mumbled words.
A puff of frost appears from out of thin air!
The puff of frost hits you!
* * * LOW HITPOINT WARNING * * *
The goblin barely misses you.
You take 8 damage, and have 13/50 hp.
You hit something but do no damage.
You hear some strange, mumbled words.
A puff of frost appears from out of thin air!
The puff of frost hits you!
* * * LOW HITPOINT WARNING * * *
The goblin barely misses you. Something hits you but does no damage.
You take 2 damage, and have 11/50 hp.
You barely miss something.
You hear some strange, mumbled words.
A magic dart appears from out of thin air!
The magic dart hits you! The goblin hits you but does no damage.
You barely miss something. Something hits you but does no damage.
The goblin hits you but does no damage. Something hits you.
* * * LOW HITPOINT WARNING * * *
You take 1 damage, and have 10/50 hp.
You hit something. Something hits you.
* * * LOW HITPOINT WARNING * * *
The goblin barely misses you. Something hits you but does no damage.
The goblin hits you.
* * * LOW HITPOINT WARNING * * *
You take 5 damage, and have 5/50 hp.
You barely miss something. You bite something.
Your magical infusion is running out.
You hear some strange, mumbled words.
A puff of frost appears from out of thin air!
The puff of frost hits you!
* * * LOW HITPOINT WARNING * * *
The goblin barely misses you.
You hear some strange, mumbled words.
A puff of flame appears from out of thin air!
The puff of flame hits you!
You die...

#... ∆ ### . #..## . ##
#.. .. #...#####.#.. ..)#
...## #...........# #
##...##....#..##..#
...........##.##<.#
......Ko#...#..#..#######
.....##g##(..#...........
.... #.@{w............##
.. #((###......#.##[..
#.## ##.###...##### ###
#..o##.....# ∆
###..#..##.##
.............
###......##.. #......####
#..........


You could see an orc warrior, a worm, a goblin and a kobold.

Vanquished Creatures
  A centaur (D:3)
  4 gnolls (D:2)
  7 adders
  2 oozes
  2 worms
  2 leopard geckos
  4 orcs (D:3)
  3 giant cockroaches
  7 goblins
  2 hobgoblins
  6 jackals
  A quokka (D:3)
  A ball python (D:1)
  9 bats
  3 frilled lizards
  3 kobolds
  A leopard gecko skeleton (D:3)
  7 rats
65 creatures vanquished.

Vanquished Creatures (others)
  A rat (D:3)
1 creature vanquished.

Grand Total: 66 creatures vanquished

Notes
Turn   | Place    | Note
-------+----------+-------------------------------------------
     0 | D:1      | Monsterracer the Gnoll Skald began the quest for the Orb.
     0 | D:1      | Reached XP level 1. HP: 20/20 MP: 6/6
   139 | D:1      | Reached XP level 2. HP: 25/26 MP: 2/7
   748 | D:2      | Reached XP level 3. HP: 30/31 MP: 9/9
   783 | D:2      | Reached skill level 5 in Spellcasting
   790 | D:2      | HP: 12/31 [worm (7)]
   801 | D:2      | Reached skill level 1 in Invocations
   802 | D:2      | HP: 12/31 [jackal (2)]
   808 | D:2      | HP: 10/31 [frilled lizard (1)]
   815 | D:2      | Learned a level 3 spell: Regeneration
   818 | D:2      | Learned a level 2 spell: Song of Slaying
   822 | D:2      | Learned a level 3 spell: Spectral Weapon
  1035 | D:2      | Found a sparkling altar of Nemelex Xobeh.
  1187 | D:2      | Reached skill level 1 in Short Blades
  1187 | D:2      | Reached skill level 1 in Long Blades
  1187 | D:2      | Reached skill level 1 in Axes
  1187 | D:2      | Reached skill level 1 in Polearms
  1187 | D:2      | Reached skill level 1 in Staves
  1187 | D:2      | Reached skill level 1 in Slings
  1187 | D:2      | Reached skill level 1 in Bows
  1187 | D:2      | Reached skill level 1 in Crossbows
  1187 | D:2      | Reached skill level 1 in Throwing
  1187 | D:2      | Reached skill level 1 in Stealth
  1187 | D:2      | Reached skill level 1 in Shields
  1187 | D:2      | Reached skill level 1 in Unarmed Combat
  1187 | D:2      | Reached skill level 1 in Evocations
  1237 | D:2      | Reached XP level 4. HP: 36/38 MP: 7/11
  1282 | D:2      | HP: 18/38 [gnoll/spear (6)]
  1286 | D:2      | HP: 8/38 [gnoll/spear (2)]
  1287 | D:2      | Reached skill level 1 in Conjurations
  1287 | D:2      | Reached skill level 1 in Hexes
  1287 | D:2      | Reached skill level 1 in Summonings
  1287 | D:2      | Reached skill level 1 in Necromancy
  1287 | D:2      | Reached skill level 1 in Translocations
  1287 | D:2      | Reached skill level 1 in Transmutations
  1287 | D:2      | Reached skill level 1 in Fire Magic
  1287 | D:2      | Reached skill level 1 in Ice Magic
  1287 | D:2      | Reached skill level 1 in Air Magic
  1287 | D:2      | Reached skill level 1 in Earth Magic
  1287 | D:2      | Reached skill level 1 in Poison Magic
  1701 | D:2      | Reached XP level 5. HP: 43/43 MP: 9/12
  2075 | D:3      | Noticed a centaur
  2088 | D:3      | Noticed an orc warrior
  2092 | D:2      | HP: 18/43 [adder (4)]
  2098 | D:2      | HP: 14/43 [poisoned by an adder]
  2104 | D:2      | HP: 13/43 [poisoned by an adder]
  2112 | D:2      | HP: 12/43 [poisoned by an adder]
  2643 | D:3      | Killed a centaur
  2643 | D:3      | Reached XP level 6. HP: 32/50 MP: 7/13
  2709 | D:3      | HP: 25/50 [orc wizard/dagger of protection (2)]
  2714 | D:3      | HP: 13/50 [something/puff of frost (8)]
  2718 | D:3      | HP: 5/50 [goblin (4)]
  2719 | D:3      | Killed from afar by an orc wizard

Skill      XL: |  1  2  3  4  5 |
---------------+----------------+-----
Spellcasting   | 5 |  5.3
Invocations    | 1 2 |  2.0
Short Blades   | 1 |  1.8
Long Blades    | 1 |  1.8
Axes           | 1 |  1.8
Polearms       | 1 |  1.8
Staves         | 1 |  1.8
Slings         | 1 |  1.8
Bows           | 1 |  1.8
Crossbows      | 1 |  1.8
Throwing       | 1 |  1.8
Stealth        | 1 |  1.8
Shields        | 1 |  1.8
Unarmed Combat | 1 |  1.8
Evocations     | 1 |  1.8
Conjurations   | 1 |  1.4
Hexes          | 1 |  1.4
Summonings     | 1 |  1.4
Necromancy     | 1 |  1.4
Translocations | 1 |  1.4
Transmutations | 1 |  1.4
Fire Magic     | 1 |  1.4
Ice Magic      | 1 |  1.4
Air Magic      | 1 |  1.4
Earth Magic    | 1 |  1.4
Poison Magic   | 1 |  1.4
Armour         | 3 |  3.1
Fighting       | |  4.9
Maces & Flails | |  4.9
Dodging        | |  4.9
Charms         | |  5.6

Action                   |  1- 3 |  4- 6 || total
-------------------------+-------+-------++-------
Melee: Mace              |    79 |   117 ||   196
       Bite              |     6 |    10 ||    16
       Punch             |     1 |       ||     1
 Cast: Infusion          |     8 |     7 ||    15
       Song of Slaying   |       |     2 ||     2
  Use: Scroll            |     1 |     1 ||     2
 Stab: Sleeping          |     1 |       ||     1
  Eat: Chunk             |     1 |     5 ||     6
Armor: Leather armour    |    21 |    25 ||    46
       Ring mail         |       |    33 ||    33
Dodge: Dodged            |    56 |   165 ||   221

Vault maps used:
D:1:      elethiomel_arrival_shortcut
D:2:      lemuel_upstairs_altar, nicolae_overflow_hidden_temple
D:3:      old_standard_altar, nemelex_spade_bored_becter
